 Dungeon Crawl Stone Soup version 0.30-a0-748-ge6a52f7cba (webtiles) character file.

Game seed: 417612958901894383

14 cforsyth the Caller (level 2, -3/15 HPs)
             Began as a Tengu Summoner on Feb 9, 2023.
             Slain by a hobgoblin (4 damage)
             ... on level 1 of the Dungeon.
             The game lasted 00:01:15 (607 turns).

cforsyth the Caller (Tengu Summoner)                 Turns: 607, Time: 00:01:16

Health: -3/15      AC:  2    Str:  8    XL:     2   Next: 45%
Magic:  1/6        EV: 12    Int: 15    God:
Gold:   20         SH:  0    Dex: 14    Spells: 2/5 levels left

rFire   . . .      SeeInvis .    (no weapon)
rCold   . . .      Faith    .    (no shield)
rNeg    . . .      Spirit   .    a - +0 robe
rPois   .          Reflect  .    (helmet restricted)
rElec   .          Harm     .    (no cloak)
rCorr   .          Rampage  .    (no gloves)
Will    .....                    (boots unavailable)
Stlth   ++                       (no amulet)
HPRegen 0.22/turn                (no ring)
MPRegen 0.10/turn                (no ring)

@: no status effects
A: beak, talons 3
a: no special abilities


You were on level 1 of the Dungeon.
You visited 1 branch of the dungeon, and saw 2 of its levels.

You collected 20 gold pieces.

Inventory:

Armour
 a - a +0 robe (worn)
Scrolls
 c - 6 scrolls of identify {unknown}
 e - a scroll of teleportation {unknown}
 g - a scroll of poison {unknown}
Potions
 b - a potion of magic
 d - a potion of heal wounds {unknown}
 f - a potion of ambrosia {unknown}
 h - a potion of curing {unknown}
 i - a potion of degeneration {unknown}


   Skills:
 - Level 2.1 Dodging
 - Level 2.0 Stealth
 + Level 2.4 Spellcasting
 + Level 5.2 Summonings


You had 2 spell levels left.
You knew the following spells:

 Your Spells              Type           Power      Damage    Failure   Level
a - Summon Small Mammal   Summ           68%        N/A       2%          1
b - Call Imp              Summ           17%        N/A       3%          2

Your spell library contained the following spells:

 Spells                   Type           Power      Damage    Failure   Level
 Call Canine Familiar     Summ           17%        N/A       8%          3
 Summon Guardian Golem    Hex/Summ       9%         N/A       22%         3
 Summon Lightning Spire   Summ/Air       9%         N/A       58%         4


Dungeon Overview and Level Annotations

Branches:
Dungeon (2/15)

Altars:


Innate Abilities, Weirdness & Mutations

You have a beak for a mouth.
You have claws for feet.


Message History

Your quokka's corpse disappears in a puff of smoke!
The hobgoblin hits you.
You completely miss the hobgoblin. You peck the hobgoblin.
The hobgoblin is lightly wounded.
The hobgoblin barely misses you.
You hit the hobgoblin.
The hobgoblin is moderately wounded.
The hobgoblin hits you. The kobold barely misses your rat.
Your crimson imp barely misses the hobgoblin.
You are too injured to fight recklessly!
You are too injured to fight recklessly!
You are too injured to fight recklessly!
You are too injured to fight recklessly!
Your crimson imp hits the hobgoblin but does no damage.
The hobgoblin attacks as you move away!
The hobgoblin hits you but does no damage.
A goblin and a giant cockroach come into view.
The hobgoblin barely misses your crimson imp.
Your crimson imp blinks!
The hobgoblin attacks as you move away! The hobgoblin closely misses you.
Your rat barely misses the hobgoblin.
The kobold hits your rat with a +0 dagger.
The hobgoblin attacks as you move away! The hobgoblin hits you.
* * * LOW HITPOINT WARNING * * *
Casting: Call Imp (safe; 3% risk of failure)
Confirm with . or Enter, or press ? or * to list all spells.
The hobgoblin hits you but does no damage.
Your rat closely misses the hobgoblin.
Something barely misses your rat.
Casting: Summon Small Mammal (safe; 2% risk of failure)
Confirm with . or Enter, or press ? or * to list all spells.
A beastly little devil appears in a puff of flame.
The hobgoblin hits you.
* * * LOW HITPOINT WARNING * * *
Your rat bites the hobgoblin.
Something closely misses your rat.
Your quokka bites the hobgoblin but does no damage.
Something hits your rat.
Your rat dies!
Your rat's corpse disappears in a puff of smoke!
The hobgoblin attacks as you move away! The hobgoblin hits you.
You die...

≈~~~~5.## _≈......####
.# ~ ≈~~~~≈.....####...
.~ .g..≈.....#.....( ~..
~~.≈K.......# ....
~≈.#.....#### ## .....
#..g..##.. ..
≈≈§≈≈.####K..###.##.#
#.@gr5.........#
#.....###...###.####
....... ##.## #.#
##....#####.####.#####
#....>..............#
......####.####.#.##.###
##### #.# #.###......
#.# ##r#.##.### #.#
##.###.#


You could see a hobgoblin (ally target), a kobold, a friendly crimson imp
(summoned) and a friendly quokka (summoned).

Vanquished Creatures
  2 hobgoblins
2 creatures vanquished.

Vanquished Creatures (collateral kills)
  2 ball pythons
  An endoplasm (D:1)
  A giant cockroach (D:1)
  3 hobgoblins (D:1)
  A kobold (D:2)
  A goblin (D:2)
9 creatures vanquished.

Grand Total: 11 creatures vanquished

Notes
Turn   | Place    | Note
-------+----------+-------------------------------------------
     0 | D:1      | cforsyth the Tengu Summoner began the quest for the Orb.
     0 | D:1      | Reached XP level 1. HP: 10/10 MP: 4/4
   113 | D:1      | You fall into a shaft and drop 1 floor!
   204 | D:2      | Reached skill level 5 in Summonings
   287 | D:2      | Reached XP level 2. HP: 15/15 MP: 3/6
   290 | D:2      | Learned a level 2 spell: Call Imp
   591 | D:1      | Found a faded altar of an unknown god.
   607 | D:1      | Slain by a hobgoblin

Illustrated notes

Levels and vault maps discovered:
D:1:      zelgadis_glass_arrival_small, layout_loops_ring,
          shapermc_ecumenical_altar_starsandcircs
D:2:      layout_basic, minmay_strange_pillars, minmay_fountain_box, uniq_robin,
          uniq_terence, uniq_natasha

Skill      XL: |  1 |
---------------+----+-----
Summonings     | 5 |  5.2
Dodging        | |  2.1
Stealth        | |  2.0
Spellcasting   | |  2.4

Action                     || total
---------------------------++-------
  Melee: Unarmed           ||    24
         Kick              ||     5
         Peck              ||     3
   Cast: Summon Small Mamm ||    18
         Call Imp          ||     4
 Armour: Robe              ||     5
  Dodge: Dodged            ||    16

Table legend: (Time is in decaauts)
 A = Elapsed time spent in this place.
 B = Non-inter-level travel time spent in this place.
 C = Inter-level travel time spent in this place.
 D = Time resting spent in this place.
 E = Time spent auto-exploring this place.
 F = Levels seen in this place.
 G = Mean time per level.
                   A        B        C        D        E       F      G
               +--------+--------+--------+--------+--------+-----+--------+
         Total |    607 |    607 |      0 |      0 |    468 |   2 |  303.5 |
       Dungeon |    607 |    607 |      0 |      0 |    468 |   2 |  303.5 |
               +--------+--------+--------+--------+--------+-----+--------+

Top non-repeatable levels by time:
     D:1: 355 daAuts
     D:2: 251 daAuts
